 Dungeon Crawl Stone Soup version 0.31-a0-360-gb3e1d13bf4 (webtiles) character file.

Game seed: 891582785279976026

95686 randomguy2701 the Severer (level 15, -8/139 HPs)
             Began as a Minotaur Fighter on July 26, 2023.
             Was an Elder of Qazlal.
             Killed from afar by an ogre mage (11 damage)
             ... with a bolt of magma
             ... while paralysed by an ogre mage
             ... on level 15 of the Dungeon.
             The game lasted 00:50:04 (22074 turns).

randomguy2701 the Severer (Minotaur Fighter)       Turns: 22074, Time: 00:50:04

Health: -8/139     AC: 22    Str: 25    XL:     15   Next: 67%
Magic:  9/20       EV:  2    Int:  5    God:    Qazlal [****..]
Gold:   1491       SH:  0    Dex: 15    Spells: 14/14 levels left

rFire   + + +        R - +10 war axe of Res Judicata {venom, rF+++ rC++ Stlth-}
rCold   + + .        a - +1 kite shield "Heille" {Dex+2}
rNeg    . . .        o - +0 plate armour
rPois   +            (helmet restricted)
rElec   .            (no cloak)
rCorr   .            j - +2 pair of gloves
SInv    .            h - +1 pair of boots
Will    +....        b - amulet of Ahafairr {Acrobat rPois} Stlth
                     g - ring of poison resistance
HPRegen 0.43/turn    y - +5 ring of evasion
MPRegen 0.17/turn

%: repel missiles, acrobat
@: paralysed
A: horns 2, retaliatory headbutt
a: Renounce Religion, Upheaval, Elemental Force


You were on level 15 of the Dungeon.
You worshipped Qazlal.
Qazlal was greatly pleased with you.
You visited 2 branches of the dungeon, and saw 20 of its levels.

You collected 1491 gold pieces.

Inventory:

Hand Weapons
 M - a +0 antimagic broad axe
 R - the +10 war axe of Res Judicata (weapon) {venom, rF+++ rC++ Stlth-}
   (You found it on level 5 of the Dungeon)

   rF:        It renders you almost immune to fire.
   rC:        It greatly protects you from cold.
   Stlth:     It makes you less stealthy.
Armour
 a - the +1 kite shield "Heille" (worn) {Dex+2}
   (You found it on level 13 of the Dungeon)

   Dex:       It affects your dexterity (+2).
 h - a +1 pair of boots (worn)
 j - a +2 pair of gloves (worn)
 o - a +0 plate armour (worn)
Jewellery
 b - the amulet of Ahafairr (around neck) {Acrobat rPois}
   (You found it on level 3 of the Dungeon)

   [amulet of the acrobat]

   It increases your evasion while moving and waiting.
   rPois:     It protects you from poison.
 e - an amulet of faith
 g - a ring of poison resistance (left hand)
 t - a +6 ring of dexterity
 y - a +5 ring of evasion (right hand)
 A - a ring of see invisible
 E - an amulet of guardian spirit
 J - a ring of protection from fire
 X - a +4 ring of slaying
Wands
 w - a wand of flame (36)
 D - a wand of mindburst (42)
 G - a wand of digging (24)
 L - a wand of roots (9)
 O - a wand of charming (6)
 T - a wand of acid (14)
Scrolls
 i - 5 scrolls of vulnerability {unknown}
 l - 2 scrolls of poison {unknown}
 p - 2 scrolls of blinking
 q - 4 scrolls of fear {unknown}
 r - a scroll of brand weapon {unknown}
 u - 7 scrolls of teleportation
 v - 3 scrolls of fog {unknown}
 z - a scroll of acquirement {unknown}
 H - 3 scrolls of immolation
 I - 2 scrolls of noise {unknown}
 Q - 2 scrolls of enchant weapon {unknown}
 S - 3 scrolls of revelation {unknown}
 U - a scroll of torment {unknown}
 Y - 3 scrolls of identify
 Z - a scroll of butterflies {unknown}
Potions
 c - a potion of ambrosia {unknown}
 d - 4 potions of might
 f - 4 potions of brilliance
 k - a potion of enlightenment
 m - 8 potions of curing
 n - 2 potions of degeneration
 s - 2 potions of mutation
 x - 3 potions of attraction {unknown}
 B - a potion of haste
 C - 4 potions of heal wounds
 F - 3 potions of resistance {unknown}
 K - a potion of magic {unknown}
 N - 4 potions of berserk rage {unknown}
 P - 2 potions of invisibility {unknown}
 W - 3 potions of lignification {unknown}


   Skills:
 + Level 14.6 Fighting
 + Level 18.4 Axes
 + Level 14.5 Armour
 + Level 3.6 Dodging
 - Level 0.4 Stealth
 + Level 17.7 Shields
 + Level 8.7 Invocations


You had 14 spell levels left.
You didn't know any spells.
Your spell library contained the following spells:

 Spells                   Type           Power      Damage    Failure   Level
 Necrotise                Necr           0%         1d4       99%         1
 Shock                    Conj/Air       0%         1d3       99%         1
 Frozen Ramparts          Ice            0%         1d1       100%        3
 Ignite Poison            Fire/Tmut/Pois 0%         N/A       100%        3
 Inner Flame              Hex/Fire       0%         N/A       100%        3
 Swiftness                Air            0%         N/A       100%        3
 Vampiric Draining        Necr           0%         2d6       100%        3
 Airstrike                Air            0%         2d(0-16)  100%        4
 Animate Dead             Necr           0%         N/A       100%        4
 Petrify                  Tmut/Erth      0%         N/A       100%        4
 Sticky Flame             Conj/Fire      0%         2d3       100%        4
 Agony                    Necr           0%         N/A       100%        5
 Borgnjor's Vile Clutch   Necr/Erth      0%         N/A       100%        5
 Metabolic Englaciation   Hex/Ice        0%         N/A       100%        5
 Yara's Violent Unravell  Hex/Tmut       0%         3d3       100%        5
 Death Channel            Necr           0%         N/A       100%        6
 Enfeeble                 Hex            0%         N/A       100%        7
 Ignition                 Fire           0%         3d3       100%        8


Dungeon Overview and Level Annotations

Branches:
Dungeon (15/15)            Temple (0/1) D:5            Lair (5/5) D:8
 Shoals (0/4) Lair:2       Spider (0/4) Lair:3        Slime (0/5) Lair:4
    Orc (0/2) D:12
 Vaults: D:13-14     Depths: D:15

Altars:
Dithmenos
Elyvilon
Gozag
Nemelex Xobeh
Okawaru
Qazlal
Ru
Trog
Uskayaw
Vehumet
Yredelemnul
The Shining One
Jiyva
Lugonu

Shops:
D:2 (   D:3 =   D:7 (   D:10 [

Portals:
Abyss: Lair:5
Trove: D:10 (give 3 scrolls of blinking)

Annotations:
D:7 exclusion: statue
D:11 2 runed translucent doors, innerfire43's ghost, journeyman DsMo
Lair:4 3 runed translucent doors, exclusion: oklob plant, Jyudgh's ghost, journeyman DjCj; Zoekh's ghost, journeyman DsCK


Innate Abilities, Weirdness & Mutations

You have a pair of horns on your head.
You reflexively headbutt those who attack you in melee.


Message History

* * * LOW HITPOINT WARNING * * *
The red ugly thing misses you. The two-headed ogre closely misses you.
The two-headed ogre barely misses you.
You feel much better. Something hits you.
You block the red ugly thing's attack.
The red ugly thing basks in the mutagenic energy from its kin and changes!
The two-headed ogre hits you but does no damage.
You block the two-headed ogre's attack. The red ugly thing closely misses you.
The two-headed ogre hits you with a +0 dire flail.
* * * LOW HITPOINT WARNING * * *
The two-headed ogre hits you with a +0 giant club.
* * * LOW HITPOINT WARNING * * *
The red ugly thing attacks as you move away!
The red ugly thing completely misses you.
You block the red ugly thing's attack.
The red ugly thing is engulfed in blazing flames.
The red ugly thing attacks as you move away!
The red ugly thing stings you.
* * * LOW HITPOINT WARNING * * *
You are engulfed in flames.
You resist.
* * * LOW HITPOINT WARNING * * *
The red ugly thing basks in the mutagenic energy from its kin and changes!
You hear some strange, mumbled words.
You suddenly lose the ability to move!
The two-headed ogre completely misses you.
The two-headed ogre hits you with a +0 giant club!
* * * LOW HITPOINT WARNING * * *
The red ugly thing stings you but does no damage.
The two-headed ogre hits you but does no damage.
The two-headed ogre hits you with a +0 giant club.
* * * LOW HITPOINT WARNING * * *
The two-headed ogre is engulfed in freezing vapours.
The red ugly thing stings you!
* * * LOW HITPOINT WARNING * * *
You are engulfed in flames.
You resist.
* * * LOW HITPOINT WARNING * * *
You hear some strange, mumbled words.
A bolt of magma appears from out of thin air!
The bolt of magma hits you! You partially resist.
You die...

#^..#.........#
#.............#
#......†......###
#.####..........#
#...............#
#....Ou.#.#.....#
#.###OuOu.......# #
#u{.........#
#@O°........#
#...........# #
#○..........#
##.###......######
............##########
#.....<..............
#####......#########.
#......# #####.##


You could see 4 ugly things and 4 two-headed ogres.

Vanquished Creatures
  Jorgrun (D:12)
  Gastronok (Lair:3)
  A storm dragon (D:12)
  A fenstrider witch (shapeshifter) (D:12)
  An emperor scorpion (shapeshifter) (Lair:5)
  An ironbound preserver (D:13)
  The ghost of XomNomNom the Carver, a journeyman DrMo of Gozag (D:12)
  A yaktaur captain (D:12)
  The ghost of pokeman the Eclecticist, a journeyman DEHW of Vehumet (D:12)
  Erica (Lair:2)
  7 centaur warriors
  3 hydras
  4 boulder beetles
  A two-headed ogre (shapeshifter) (D:12)
  3 tengu warriors
  A death knight (D:15)
  7 two-headed ogres
  4 death yaks (Lair:5)
  3 thrashing horrors (Lair:5)
  Sonja (Lair:3)
  A skyshark (Lair:4)
  Amaemon (Lair:3)
  The ghost of freelancePsychic the Trooper, a novice OgWn (D:5)
  A large abomination (Lair:5)
  A phantasmal warrior (D:12)
  A swamp dragon (Lair:5)
  A harpy (D:14)
  3 deep elf pyromancers
  10 ugly things
  4 cyclopes
  2 manticores
  3 elephants (Lair:3)
  3 black mambas
  2 merfolk sirens (Lair:2)
  Maurice (D:12)
  A smoke demon (Lair:5)
  2 unseen horrors (D:12)
  6 rime drakes
  3 gargoyles
  Psyche (D:12)
  Maggie (D:9)
  3 freezing wraiths
  A kobold demonologist (D:12)
  12 cane toads
  11 komodo dragons
  2 guardian mummies (D:10)
  A meliai (Lair:3)
  5 trolls
  2 merfolk (Lair:2)
  6 polar bears
  3 raiju (Lair:5)
  33 blink frogs
  A hornet (D:10)
  A dream sheep (D:7)
  5 slime creatures (D:12)
  5 shadows
  A ynoxinul (Lair:5)
  A vampire (D:13)
  A water elemental (D:12)
  8 wraiths
  A spriggan (Lair:5)
  8 wyverns
  10 basilisks
  57 yaks
  3 steam dragons (D:9)
  4 chaos spawn (Lair:5)
  10 vampire mosquitoes
  3 wargs (D:8)
  3 acid dragons
  17 water moccasins
  8 small abominations (Lair:5)
  A swamp drake (Lair:5)
  4 orc warriors
  4 black bears
  3 sky beasts
  An ogre (D:6)
  9 centaurs
  A wolf (D:11)
  2 kobold brigands
  4 phantoms
  Blork the orc (D:4)
  5 scorpions
  The ghost of Zeldest the Ruffian, an amateur VSSh (D:3)
  15 bullfrogs
  A wyvern zombie (D:5)
  5 gnoll sergeants
  2 water moccasin zombies (D:5)
  2 wyvern skeletons (D:5)
  A water moccasin skeleton (D:5)
  3 wights (D:9)
  19 killer bees
  2 troll zombies (D:12)
  4 electric eels
  8 howler monkeys
  2 bullfrog zombies (D:5)
  6 hounds
  2 jellies
  5 orc priests
  A gnoll bouda (D:9)
  A sleepcap (D:6)
  Jessica (D:3)
  Natasha (thrice) (D:3)
  7 orc wizards
  3 scorpion zombies (D:5)
  6 ogre zombies (D:12)
  A hound skeleton (D:5)
  13 gnolls
  11 adders
  A shadow imp (D:6)
  2 white imps
  An adder zombie (D:5)
  2 worms
  A dart slug (D:3)
  21 orcs
  7 ball pythons
  3 bats
  8 endoplasms
  7 giant cockroaches
  5 goblins
  6 hobgoblins
  8 jackals
  11 kobolds
  A frilled lizard (D:2)
  2 goblin skeletons (D:12)
  3 goblin zombies (D:12)
  A hobgoblin skeleton (D:12)
  2 hobgoblin zombies (D:12)
  3 orc skeletons (D:12)
  14 orc zombies (D:12)
  9 rats
597 creatures vanquished.

Vanquished Creatures (collateral kills)
  A hydra (Lair:5)
  2 tengu warriors (D:14)
  A death yak (Lair:5)
  A thrashing horror (Lair:5)
  A skeletal warrior (D:15)
  3 harpies (D:14)
  An elephant (Lair:3)
  An orange demon (Lair:3)
  An efreet (D:14)
  A small abomination (Lair:5)
13 creatures vanquished.

Grand Total: 610 creatures vanquished

Notes
Turn   | Place    | Note
-------+----------+-------------------------------------------
     0 | D:1      | randomguy2701 the Minotaur Fighter began the quest for the
                  | Orb.
     0 | D:1      | Reached XP level 1. HP: 19/19 MP: 0/0
    71 | D:1      | Reached XP level 2. HP: 26/27 MP: 1/1
   651 | D:1      | Reached XP level 3. HP: 33/33 MP: 2/2
   795 | D:2      | Reached skill level 3 in Axes
  1037 | D:2      | Found Rijit's Weapon Shoppe.
  1267 | D:2      | Reached skill level 1 in Dodging
  1268 | D:2      | Reached XP level 4. HP: 38/40 MP: 3/3
  1521 | D:3      | Found a runed translucent door.
  1526 | D:3      | Noticed Zeldest's ghost (amateur VSSh)
  1641 | D:3      | Reached skill level 4 in Axes
  1655 | D:3      | Found Gitirane's Jewellery Shoppe.
  1708 | D:3      | Noticed Natasha
  1708 | D:3      | Noticed Jessica
  1715 | D:3      | Killed Natasha
  1716 | D:3      | Reached XP level 5. HP: 19/46 MP: 4/4
  1719 | D:3      | Killed Jessica
  1744 | D:3      | Noticed Natasha
  1884 | D:3      | Killed Natasha
  1964 | D:3      | Reached skill level 5 in Axes
  2089 | D:3      | Reached skill level 5 in Armour
  2255 | D:3      | Killed Zeldest's ghost
  2256 | D:3      | Reached XP level 6. HP: 41/53 MP: 5/5
  2267 | D:3      | Identified the amulet of Ahafairr {Acrobat rPois}
  2374 | D:3      | Noticed Natasha
  2376 | D:3      | Killed Natasha
  2488 | D:4      | Reached skill level 6 in Axes
  2829 | D:4      | Noticed Blork the orc
  2835 | D:4      | Killed Blork the orc
  2836 | D:4      | Reached XP level 7. HP: 58/60 MP: 6/6
  3005 | D:5      | Entered Level 5 of the Dungeon
  3028 | D:5      | Found a staircase to the Ecumenical Temple.
  3178 | D:5      | Found a runed translucent gate.
  3178 | D:5      | Found a runed translucent gate.
  3179 | D:5      | Found a runed translucent gate.
  3225 | D:5      | Reached skill level 7 in Axes
  3225 | D:5      | Reached skill level 5 in Shields
  3286 | D:5      | Reached skill level 5 in Fighting
  3443 | D:5      | Reached skill level 8 in Axes
  3479 | D:5      | Reached XP level 8. HP: 53/68 MP: 7/7
  3945 | D:5      | Noticed freelancePsychic's ghost (novice OgWn)
  4184 | D:6      | Reached skill level 9 in Axes
  4688 | D:6      | Reached XP level 9. HP: 38/75 MP: 8/8
  4817 | D:6      | Found a bloodstained altar of Trog.
  4817 | D:6      | Found a sacrificial altar of Ru.
  4823 | D:6      | Found a basalt altar of Yredelemnul.
  4824 | D:6      | Found a sparkling altar of Nemelex Xobeh.
  4824 | D:6      | Found an opulent altar of Gozag.
  4824 | D:6      | Found a glowing golden altar of the Shining One.
  4824 | D:6      | Found a white marble altar of Elyvilon.
  4826 | D:6      | Found a stormy altar of Qazlal.
  4828 | D:6      | Found an iron altar of Okawaru.
  5009 | D:6      | Became a worshipper of Qazlal Stormbringer
  5069 | D:7      | Reached skill level 10 in Axes
  5187 | D:7      | Found Efurgh's Antique Weapon Emporium.
  5659 | D:7      | Reached * piety under Qazlal
  5660 | D:7      | Reached skill level 11 in Axes
  5665 | D:7      | Found the +5 robe of Night {Dark Will+ SInv}
  5751 | D:7      | Found a radiant altar of Vehumet.
  5911 | D:8      | Found a flagged portal.
  6239 | D:8      | Reached skill level 1 in Invocations
  6415 | D:8      | Reached XP level 10. HP: 80/84 MP: 8/10
  6465 | D:8      | Found a staircase to the Lair.
  7419 | D:9      | Reached skill level 12 in Axes
  7425 | D:9      | Reached ** piety under Qazlal
  7806 | D:9      | Found a hide-covered altar of Uskayaw.
  7916 | D:9      | Noticed a two-headed ogre
  7931 | D:9      | Killed a two-headed ogre
  8229 | D:9      | Noticed a centaur warrior
  8233 | D:9      | Noticed a two-headed ogre
  8247 | D:9      | Killed a centaur warrior
  8248 | D:9      | Reached XP level 11. HP: 61/94 MP: 10/13
  8263 | D:9      | Noticed Maggie
  8281 | D:9      | Killed a two-headed ogre
  8282 | D:9      | Reached skill level 10 in Armour
  8298 | D:9      | Reached skill level 10 in Shields
  8298 | D:9      | Killed Maggie
  8301 | D:9      | Reached skill level 13 in Axes
  8325 | D:9      | Reached skill level 5 in Invocations
  8961 | D:10     | Entered Level 10 of the Dungeon
  9319 | D:10     | Found Xuxtaa's Antique Armour Boutique.
  9384 | D:10     | Found a portal to a secret trove of treasure.
  9975 | D:11     | Noticed a purple ugly thing
 10001 | D:11     | Killed a purple ugly thing
 10046 | D:11     | Reached skill level 14 in Axes
 10212 | D:11     | Found a runed translucent door.
 10218 | D:11     | Noticed an orc sorcerer
 10218 | D:11     | Noticed a centaur warrior
 10219 | D:11     | Noticed a war gargoyle
 10219 | D:11     | Noticed a necromancer
 10219 | D:11     | Noticed a lich
 10220 | D:11     | Noticed innerfire43's ghost (journeyman DsMo)
 10221 | D:11     | Found a runed translucent door.
 10246 | D:11     | Found a frozen archway.
 10273 | D:11     | Reached XP level 12. HP: 104/104 MP: 5/15
 10362 | D:11     | Identified the +6 dagger of Esivekoe {heavy, rElec Will+
                  | Stlth-}
 10563 | D:11     | Reached *** piety under Qazlal
 10673 | D:11     | Noticed a two-headed ogre
 11470 | D:11     | Killed a two-headed ogre
 12023 | D:5      | Killed freelancePsychic's ghost
 12024 | D:5      | Reached skill level 15 in Axes
 12028 | D:5      | Identified the +10 war axe of Res Judicata {venom, rF+++
                  | rC++ Stlth-}
 12295 | Lair:1   | Entered Level 1 of the Lair of Beasts
 13384 | Lair:2   | Reached skill level 10 in Fighting
 13442 | Lair:2   | Found a gate leading to a gauntlet.
 13471 | Lair:2   | Noticed Erica
 13479 | Lair:2   | Killed Erica
 13554 | Lair:2   | Reached skill level 16 in Axes
 13597 | Lair:2   | Reached XP level 13. HP: 114/114 MP: 17/17
 13644 | Lair:2   | Reached **** piety under Qazlal
 13853 | Lair:2   | Found a staircase to the Shoals.
 14380 | Lair:3   | Found a hole to the Spider Nest.
 14446 | Lair:3   | Noticed Gastronok
 14457 | Lair:3   | Killed Gastronok
 14613 | Lair:3   | Noticed Amaemon
 14649 | Lair:3   | Killed Amaemon
 15119 | Lair:3   | Noticed Sonja
 15137 | Lair:3   | Killed Sonja
 15692 | Lair:4   | Identified the +6 quarterstaff of the Distant Future
                  | {heavy, Str+2 Int+5 Dex-2}
 15712 | Lair:4   | Found a bloodstained altar of Trog.
 15827 | Lair:4   | Found a viscous altar of Jiyva.
 15827 | Lair:4   | Found a staircase to the Slime Pits.
 15963 | Lair:4   | Found a runed translucent gate.
 15963 | Lair:4   | Found a runed translucent gate.
 15963 | Lair:4   | Found a runed translucent gate.
 15968 | Lair:4   | Noticed Zoekh's ghost (journeyman DsCK)
 15968 | Lair:4   | Noticed Jyudgh's ghost (journeyman DjCj)
 16373 | Lair:5   | Entered Level 5 of the Lair of Beasts
 16423 | Lair:5   | Reached skill level 17 in Axes
 16427 | Lair:5   | Reached XP level 14. HP: 61/126 MP: 8/19
 17053 | Lair:5   | Found a dark tunnel.
 17186 | Lair:5   | a dire elephant changed into an emperor scorpion
 17186 | Lair:5   | Noticed an emperor scorpion (shapeshifter)
 17198 | Lair:5   | Killed an emperor scorpion
 17473 | Lair:5   | Reached skill level 15 in Shields
 17795 | Lair:5   | Found a corrupted altar of Lugonu.
 17795 | Lair:5   | Found a one-way gate to the infinite horrors of the Abyss.
 18368 | D:12     | Found a runed translucent gate.
 18368 | D:12     | Found a runed translucent gate.
 18369 | D:12     | Found a runed translucent gate.
 18370 | D:12     | Noticed XomNomNom's ghost (journeyman DrMo)
 18371 | D:12     | Noticed pokeman's ghost (journeyman DEHW)
 18748 | D:12     | Found a staircase to the Orcish Mines.
 18773 | D:12     | Reached ***** piety under Qazlal
 18782 | D:12     | Noticed Psyche
 18814 | D:12     | Killed Psyche
 18995 | D:12     | Noticed Maurice
 19020 | D:12     | Noticed Jorgrun
 19024 | D:12     | Killed Maurice
 19031 | D:12     | Killed Jorgrun
 19477 | D:12     | Noticed a storm dragon
 19477 | D:12     | Noticed a fenstrider witch
 19481 | D:12     | Killed a fenstrider witch
 19482 | D:12     | Reached XP level 15. HP: 123/136 MP: 20/20
 19500 | D:12     | Killed a storm dragon
 19501 | D:12     | Reached skill level 18 in Axes
 19992 | D:12     | Killed XomNomNom's ghost
 19996 | D:12     | Killed pokeman's ghost
 20042 | D:13     | Identified the +1 kite shield "Heille" {Dex+2}
 20827 | D:13     | You fall into a shaft and drop 1 floor!
 21867 | D:14     | Found a shadowy altar of Dithmenos.
 21999 | D:15     | Entered Level 15 of the Dungeon
 22064 | D:15     | Paralysed by something for 4 turns
 22067 | D:15     | HP: 4/139 [two-headed ogre/+0 dire flail (8)]
 22072 | D:15     | Paralysed by something for 3 turns
 22074 | D:15     | HP: 6/139 [red ugly thing (11)]
 22074 | D:15     | Killed from afar by an ogre mage

Illustrated notes

Levels and vault maps discovered:
D:1:      enne_arrival_octagon_isle, layout_basic
D:2:      layout_basic, serial_shops, shop_statue, due_unseen_surprise
D:3:      layout_rooms, ebering_ghost_sewer_d, serial_shops,
          nicolae_shop_real_fake_doors, uniq_natasha, uniq_jessica
D:4:      layout_loops_cross, guppyfry_early_lair_pool, uniq_blork_the_orc
D:5:      layout_loops_ring, minmay_temple_entry_ruins, serial_undead,
          serial_undead_c, serial_undead_a, serial_undead_f, serial_undead_d,
          gammafunk_ghost_necromancy, cheibrodos_gnoll_hut
D:6:      layout_loops_ring, minitemple, minmay_misc_feat_columns,
          chequers_serial_rivers_micro_e, kennysheep_nondescript
D:7:      layout_basic, vehumet_statue, serial_shops, shop, minmay_holes,
          grunt_ministairs_2, hellmonk_guarded_unrand_night
D:8:      layout_basic, erik_lair_orcish_takeover, enter_bailey_2
D:9:      nzn_winding_woodlands_medium [nzn_winding_woodlands_5x5_open_star,
          nzn_winding_woodlands_5x15_garden, nzn_winding_woodlands_5x5_default,
          nzn_winding_woodlands_5x5_cross,
          nzn_winding_woodlands_center_pierced_h,
          nzn_winding_woodlands_5x5_closed_star,
          nzn_winding_woodlands_hourglass, nzn_winding_woodlands_5x15_twine,
          nzn_winding_woodlands_5x5_default], layout_layer_cave,
          mainiacjoe_overflow_alcove_2, uniq_maggie
D:10:     layout_basic, nicolae_trove_entry_path_of_doom, serial_shops,
          nicolae_take_the_stairs
D:11:     layout_roguey, muffindrake_ghost_dual_entry,
          portal_ice_cave_entry_animals_and_master
D:12:     kennysheep_snake, layout_basic, zombieorc2_lemuel,
          gammafunk_ghost_cemetery, uniq_maurice, uniq_jorgrun, uniq_psyche
D:13:     layout_grid_maze, skrybe_vaults_entry_preservation
D:14:     layout_big_octagon, grunt_dithmenos_smoke, hangedman_aviary
D:15:     grunt_enter_depths_hoard, layout_basic, hangedman_glass_teeth,
          nicolae_diode_basic, uniq_nessos
Lair:1:   layout_regular_city
Lair:2:   layout_hall_layers, elwin_shoals_entry_stream, gauntlet_entry_generic,
          small_statue_intersection, beast_lair_carwin_6, serial_bayou_shore_b,
          uniq_erica
Lair:3:   layout_roguey, hellmonk_spider_entry_not_the_bees, st_stairs_8,
          uniq_gastronok, uniq_amaemon, uniq_sonja
Lair:4:   layout_gridlike, slime_entry_1, gammafunk_ghost_cemetery, basic_altar,
          st_stairs_10, chequers_serial_rivers_micro_e
Lair:5:   hellmonk_lair_end_abyssal_woods, layout_gridlike,
          nicolae_volcano_entry_lava_flow, pond

Skill      XL: |  1  2  3  4  5  6  7  8  9 10 11 12 13 14 15 |
---------------+----------------------------------------------+-----
Shields        | 4 5 6 8 9 10 12 14 16 17 | 17.7
Fighting       | 4 5 6 8 9 10 12 13 14 | 14.6
Axes           | 3 4 5 6 8 9 11 12 14 16 17 18 | 18.4
Armour         | 4 5 6 8 9 10 11 12 13 14 | 14.5
Dodging        | 1 2 3 |  3.6
Invocations    | 1 4 6 7 8 |  8.7
Stealth        | |  0.4

Action                     |  1- 3 |  4- 6 |  7- 9 | 10-12 | 13-15 || total
---------------------------+-------+-------+-------+-------+-------++-------
  Melee: War axe           |    85 |   101 |   255 |   322 |   804 ||  1567
         Headbutt          |    16 |    18 |    57 |   146 |   181 ||   418
         Broad axe         |       |       |       |   304 |       ||   304
 Invoke: Upheaval          |       |       |       |     5 |     1 ||     6
         Elemental Force   |       |       |       |       |    11 ||    11
    Use: Scroll            |       |     7 |       |       |     3 ||    10
         Potion            |       |       |       |     3 |     5 ||     8
   Stab: Paralysed         |       |       |       |       |     7 ||     7
         Distracted        |       |       |       |       |     3 ||     3
 Armour: Scale mail        |    42 |       |       |       |       ||    42
         Plate armour      |       |    58 |   155 |   195 |   193 ||   601
  Dodge: Dodged            |    34 |    42 |   103 |   170 |   248 ||   597
         Repelled          |       |       |       |       |     2 ||     2
  Block: Buckler           |    14 |    24 |    29 |       |       ||    67
         Tower shield      |       |       |   159 |   538 |   617 ||  1314
         Kite shield       |       |       |       |       |   209 ||   209

Table legend: (Time is in decaauts)
 A = Elapsed time spent in this place.
 B = Non-inter-level travel time spent in this place.
 C = Inter-level travel time spent in this place.
 D = Time resting spent in this place.
 E = Time spent auto-exploring this place.
 F = Levels seen in this place.
 G = Mean time per level.
                   A        B        C        D        E       F      G
               +--------+--------+--------+--------+--------+-----+--------+
         Total |  22145 |  19926 |   2219 |   1134 |  14823 |  20 | 1107.2 |
       Dungeon |  16189 |  14381 |   1808 |    736 |  10746 |  15 | 1079.3 |
          Lair |   5956 |   5545 |    411 |    398 |   4076 |   5 | 1191.2 |
               +--------+--------+--------+--------+--------+-----+--------+

Top non-repeatable levels by time:
     D:9: 2395 daAuts
    D:11: 1692 daAuts
    D:12: 1629 daAuts
  Lair:5: 1603 daAuts
  Lair:3: 1445 daAuts
     D:5: 1245 daAuts
    D:14: 1136 daAuts
     D:6: 1101 daAuts
  Lair:4: 1052 daAuts
  Lair:1: 1042 daAuts
     D:8: 1035 daAuts
     D:7: 1031 daAuts
    D:10: 992 daAuts
  Lair:2: 813 daAuts
     D:1: 793 daAuts
